 Dungeon Crawl Stone Soup version 0.26-a0-67-g850bfe6 (webtiles) character file.

Game seed: 9939904642492158215

143348 Faca the Warrior (level 16, 0/151 HPs)
             Began as a Pale Draconian Fighter on June 12, 2020.
             Was the Champion of Okawaru.
             Slain by Hyoheriw's ghost (6 damage)
             ... while petrified by you
             ... on level 13 of the Dungeon.
             The game lasted 01:01:30 (25276 turns).

Faca the Warrior (Pale Draconian Fighter)          Turns: 25276, Time: 01:01:30

Health: 0/151      AC: 13    Str: 37    XL:     16   Next: 82%
Magic:  32/32      EV:  2    Int: 14    God:    Okawaru [******]
Gold:   667        SH:  0    Dex: 11    Spells: 15/15 levels left

rFire    + + .     SeeInvis .   O - +8 demon blade of Egomania {freeze, *Slow rC+ Int+2}
rCold    + + +     Gourm    .   z - +6 kite shield of Tulips {rF+ rC+ Str+3}
rNeg     + + +     Faith    .   (armour unavailable)
rPois    ∞         Spirit   .   B - +2 hat {Int+3}
rElec    .         Reflect  +   o - scarf {rC+ rF+}
rCorr    .         Harm     .   Q - +0 pair of gloves "Emiopeg" {-Tele rPois MP+9 Str+6}
MR       +....     NoTele   +   v - +0 pair of boots
Stlth    +.........             H - amulet of Sin {Reflect rC+ rN+ Str-3 Slay+3 SH+5}
HPRegen  0.35/turn              F - +4 ring of slaying
MPRegen  0.23/turn              a - +6 ring of strength

@: petrified
A: breathe steam, unfitting armour, cold-blooded, AC +9
a: Breathe Steam, Heroism, Finesse, Renounce Religion


You were on level 13 of the Dungeon.
You worshipped Okawaru.
Okawaru was exalted by your worship.
You were not hungry.

You visited 4 branches of the dungeon, and saw 22 of its levels.
You also visited: Bailey, Ice Cave and Volcano.

You collected 2730 gold pieces.
You spent 2063 gold pieces at shops.

Inventory:

Hand Weapons
 J - a +1 rapier of flaming
 O - the +8 demon blade of Egomania (weapon) {freeze, *Slow rC+ Int+2}
   (Okawaru gifted it to you on level 4 of the Lair of Beasts)

   It has been specially enchanted to freeze those struck by it, causing extra
   injury to most foes and up to half again as much damage against particularly
   susceptible opponents.
   It can also slow down cold-blooded creatures.
   It affects your intelligence (+2).
   It protects you from cold.
   It may slow you when you take damage.
Missiles
 h - 7 silver javelins
 p - 45 boomerangs (quivered)
 E - 2 throwing nets
 K - 9 javelins
Armour
 o - a scarf of resistance (worn)
 r - a +0 pair of gloves of dexterity
 v - a +0 pair of boots (worn)
 w - a +1 cloak of preservation
 y - the +4 kite shield of Dramatic Exits {rPois rF+}
   (You bought it in a shop on level 6 of the Dungeon)

   It protects you from fire.
   It protects you from poison.
 z - the +6 kite shield of Tulips (worn) {rF+ rC+ Str+3}
   (Okawaru gifted it to you on level 6 of the Lair of Beasts)

   It affects your strength (+3).
   It protects you from fire.
   It protects you from cold.
 B - a +2 hat of intelligence (worn)
 P - a +2 pair of gloves
 Q - the +0 pair of gloves "Emiopeg" (worn) {-Tele rPois MP+9 Str+6}
   (You bought it in a shop on level 2 of the Orcish Mines)

   It affects your strength (+6).
   It protects you from poison.
   It affects your magic capacity (+9).
   It prevents most forms of teleportation.
Jewellery
 a - a +6 ring of strength (right hand)
 f - the amulet of Oboeha {Faith Str+4 SInv, unknown}
   (You found it on level 13 of the Dungeon)

   [amulet of faith]

   It allows you to gain divine favour quickly.
   It affects your strength (+4).
   It lets you see invisible.
 F - a +4 ring of slaying (left hand)
 H - the amulet of Sin (around neck) {Reflect rC+ rN+ Str-3 Slay+3 SH+5}
   (You acquired it in a bailey)

   [amulet of reflection]

   It shields you and reflects attacks.
   It affects your strength (-3).
   It affects your accuracy and damage with ranged weapons and melee attacks
   (+3).
   It protects you from cold.
   It protects you from negative energy.
   It affects your SH (+5).
 N - the ring "Udys" {rF++ rN+ MR+ Int-4}
   (You found it on level 4 of the Lair of Beasts)

   [ring of protection from magic]

   It affects your intelligence (-4).
   It greatly protects you from fire.
   It protects you from negative energy.
   It affects your resistance to hostile enchantments.
Wands
 b - a wand of acid (5)
 e - a wand of disintegration (10)
 t - a wand of flame (15)
 D - a wand of iceblast (8)
Scrolls
 c - 12 scrolls of remove curse
 g - 3 scrolls of enchant armour
 k - 12 scrolls of teleportation
 n - 3 scrolls of magic mapping
 s - 3 scrolls of blinking
 x - 7 scrolls of fog
 A - a scroll of silence
 G - 2 scrolls of enchant weapon
 I - a scroll of fear
 L - 4 scrolls of identify
Potions
 i - 4 potions of mutation
 j - a potion of lignification
 l - 5 potions of curing
 m - 4 potions of flight
 q - 2 potions of ambrosia
 u - 4 potions of resistance
 C - 5 potions of haste
 M - a potion of might
 R - 2 potions of heal wounds
Comestibles
 d - 31 rations


   Skills:
 + Level 16.2 Fighting
 + Level 14.8 Long Blades
 + Level 11.7 Dodging
 + Level 12.6 Shields
 + Level 9.6 Invocations


You had 15 spell levels left.
You didn't know any spells.
Your spell library contained the following spells:

 Spells                   Type           Power        Failure   Level  Hunger
 Beastly Appendage        Tmut           #.....       36%         1    ##.....
 Foxfire                  Conj/Fire      #...         36%         1    ##.....
 Infusion                 Chrm           #...         36%         1    ##.....
 Pain                     Necr           #...         36%         1    ##.....
 Sandblast                Erth           #.....       36%         1    ##.....
 Sting                    Tmut/Pois      #...         36%         1    ##.....
 Corpse Rot               Necr/Air       N/A          52%         2    ###....
 Poisonous Vapours        Pois/Air       #.....       52%         2    ###....
 Shroud of Golubria       Chrm/Tloc      #.....       52%         2    ###....
 Song of Slaying          Chrm           #.......     52%         2    ###....
 Sticks to Snakes         Tmut           #.......     52%         2    ###....
 Conjure Flame            Conj/Fire      #.......     75%         3    ####...
 Ignite Poison            Fire/Tmut/Pois #.......     75%         3    ####...
 Inner Flame              Hex/Fire       #.......     75%         3    ####...
 Mephitic Cloud           Conj/Pois/Air  #.......     75%         3    ####...
 Ozocubu's Armour         Chrm/Ice       #.......     75%         3    ####...
 Portal Projectile        Hex/Tloc       #.....       75%         3    ####...
 Spectral Weapon          Hex/Chrm       #.......     75%         3    ####...
 Spider Form              Tmut/Pois      #.........   75%         3    ####...
 Vampiric Draining        Necr           #.........   75%         3    ####...
 Cause Fear               Hex            #.........   98%         4    #####..
 Ice Form                 Ice/Tmut       #.......     98%         4    #####..
 Olgreb's Toxic Radiance  Pois           #.......     98%         4    #####..
 Sticky Flame             Conj/Fire      #.......     98%         4    #####..
 Summon Lightning Spire   Summ/Air       #.......     98%         4    #####..
 Blade Hands              Tmut           #.........   100%        5    ######.
 Fireball                 Conj/Fire      #.........   100%        5    ######.
 Silence                  Hex/Air        #.........   100%        5    ######.
 Death Channel            Necr           #.........   100%        6    #######
 Iron Shot                Conj/Erth      #.........   100%        6    #######
 Dragon Form              Tmut           #.........   100%        7    #######
 Dragon's Call            Summ           #.........   100%        9    #######


Dungeon Overview and Level Annotations

Branches:
Dungeon (13/15)            Temple (1/1) D:6            Lair (6/6) D:8
  Swamp (0/4) Lair:2        Snake (0/4) Lair:2        Slime (0/5) Lair:6
    Orc (2/2) D:11            Elf (0/3) Orc:2        Bailey (visited)
  IceCv (visited)         Volcano (visited)
 Vaults: D:13-14

Altars:
Dithmenos
Elyvilon
Fedhas
Kikubaaqudgha
Makhleb
Okawaru
Ru
Trog
Uskayaw
Vehumet

Shops:
D:5 !:   D:6 ([:   D:12 [   Orc:2 [:!![:*

Annotations:
D:13 Doth's ghost, journeyman MiBe; Guobo's ghost, journeyman DrFi; Hyoheriw's ghost, journeyman MiBe; Kapocem's ghost, journeyman DrFi; Syidodgh's ghost, journeyman DDEE; Uvvagiz's ghost, adept OpFE
Lair:5 exclusion: oklob plant
Lair:6 exclusion: oklob plant


Innate Abilities, Weirdness & Mutations

You can breathe blasts of scalding, opaque steam.
Your pale cyan-grey scales are hard. (AC +9)
You cannot fit into any form of body armour.
You are cold-blooded and may be slowed by cold attacks.


Message History

You riposte.
You hit Hyoheriw's ghost. You freeze Hyoheriw's ghost.
You tail-slap Hyoheriw's ghost, but do no damage.
Hyoheriw's ghost is lightly damaged.
The frost giant is engulfed in calcifying dust.
Kapocem's ghost hits you!!
* * * LOW HITPOINT WARNING * * *
Syidodgh's ghost hits you!
* * * LOW HITPOINT WARNING * * *
Syidodgh's ghost burns you.
Guobo's ghost hits you but does no damage.
Hyoheriw's ghost hits you!
* * * LOW HITPOINT WARNING * * *
You have turned to stone.
Kapocem's ghost barely misses you. Syidodgh's ghost casts a spell at you.
The stone arrow hits you!!!
* * * LOW HITPOINT WARNING * * *
Guobo's ghost hits you but does no damage.
Hyoheriw's ghost hits you!
You die...

#..#.....#..#....# #
######.##.......##.### #
##..###..#...........######
#.#.#.###.............#.#..
####.#.## #..............#...
##.#.#######.............(....
##..#..#...#.....###..<........
#....#..........## ##..........
#...#.......VW@W# #..........
#............CWW## ##..........
##...............###..........#
###.........................^...#
.#.#........OY................(.#
#.......[.........(..............
......)..................###.....
#..#....)###............## ##....
.####.).## ##...........# #....


You could see a frost giant (petrified), a catoblepas (fleeing), an ogre mage, a
vampire (petrified), Guobo's ghost, Hyoheriw's ghost, Kapocem's ghost and
Syidodgh's ghost.

Vanquished Creatures
  Jorgrun (Orc:1)
  Gastronok (D:11)
  2 orc warlords
  A red draconian (Volcano)
  An ettin (D:13)
  Snorg (D:12)
  10 hydras
  A centaur warrior (D:13)
  A catoblepas (Lair:6)
  11 two-headed ogres
  4 death yaks
  2 ogre magi (Orc:2)
  Urug (Lair:3)
  Sonja (D:11)
  A salamander mystic (Volcano)
  An unseen horror (D:13)
  3 wizards (D:10)
  2 deep trolls (Orc:2)
  2 lindwurms (Lair:6)
  An orc sorcerer (Orc:2)
  An oklob plant (Lair:6)
  5 manticores
  2 deep elf magi
  4 ugly things
  A wolf spider zombie (D:12)
  4 salamanders (Volcano)
  5 cyclopes
  A centaur zombie (D:13)
  6 elephants
  4 black mambas
  10 spiny frogs
  2 ice statues (IceCv)
  Joseph (D:7)
  A torpor snail (Lair:6)
  Maggie (D:6)
  2 molten gargoyles (Volcano)
  A centaur skeleton (D:10)
  2 komodo dragons
  8 rime drakes
  An efreet (D:13)
  15 trolls
  2 polar bears
  Grinder (D:5)
  2 bog bodies (Lair:2)
  7 dream sheep
  23 hippogriffs
  9 blink frogs
  A redback (D:13)
  A human (D:8)
  2 shadows
  7 wyverns
  46 yaks
  2 fire bats (Volcano)
  2 wraiths
  4 hogs
  3 hungry ghosts
  Grum (D:10)
  3 vampire mosquitoes (D:12)
  7 basilisks
  8 water moccasins
  10 porcupines
  15 orc warriors
  3 hornet zombies
  10 ice beasts
  3 sky beasts
  A black bear (D:12)
  24 ogres
  5 phantoms
  8 wolves
  8 centaurs
  12 crocodiles
  13 bullfrogs
  A gnoll sergeant (D:8)
  5 scorpions
  9 wights
  6 crimson imps
  A quasit (D:9)
  4 lava snakes (Volcano)
  Crazy Yiuf (D:7)
  10 orc priests
  4 hounds
  A jelly (D:5)
  A gnoll shaman (D:8)
  12 orc wizards
  2 bullfrog skeletons
  7 iguanas
  8 worker ants
  2 hound skeletons
  2 worker ant zombies (D:10)
  19 gnolls
  2 howler monkey skeletons
  10 adders
  4 shadow imps
  12 white imps (D:13)
  An adder skeleton (D:7)
  3 adder zombies (D:5)
  4 worms
  3 dart slugs
  5 leopard geckos
  62 orcs
  5 bats
  4 giant cockroaches
  8 goblins
  15 hobgoblins
  10 jackals
  5 quokkas
  3 ball pythons
  6 frilled lizards
  25 kobolds
  8 rats
  A plant (Lair:6)
659 creatures vanquished.

Vanquished Creatures (others)
  A wizard (D:9)
  A sky beast (D:6)
  An orc wizard (Orc:1)
  A gnoll (D:8)
  3 fungi (D:8)
  7 plants
14 creatures vanquished.

Grand Total: 673 creatures vanquished

Notes
Turn   | Place    | Note
-------+----------+-------------------------------------------
     0 | D:1      | Faca the Draconian Fighter began the quest for the Orb.
     0 | D:1      | Reached XP level 1. HP: 19/19 MP: 1/1
   288 | D:1      | Reached XP level 2. HP: 26/26 MP: 2/2
   735 | D:1      | Reached skill level 4 in Fighting
   811 | D:1      | Reached XP level 3. HP: 33/33 MP: 3/3
  1282 | D:2      | Reached XP level 4. HP: 20/41 MP: 4/4
  3107 | D:3      | Reached skill level 5 in Fighting
  3467 | D:3      | Reached XP level 5. HP: 44/48 MP: 5/5
  3798 | D:4      | Noticed a phantom
  4130 | D:4      | Reached XP level 6. HP: 40/57 MP: 4/6
  4353 | D:4      | Reached skill level 6 in Fighting
  4353 | D:4      | Reached skill level 5 in Long Blades
  5054 | D:5      | Entered Level 5 of the Dungeon
  5156 | D:5      | Noticed Grinder
  5161 | D:5      | Paralysed by Grinder for 4 turns
  5177 | D:5      | Killed Grinder
  5177 | D:5      | Reached skill level 7 in Fighting
  5177 | D:5      | Your scales start taking on a pale cyan-grey colour.
  5177 | D:5      | Reached XP level 7. HP: 27/66 MP: 3/7
  5760 | D:5      | Found Ladoytuli's Book Emporium.
  5762 | D:5      | Found Awkum's Distillery.
  6444 | D:6      | Noticed Maggie
  6470 | D:6      | Killed Maggie
  6470 | D:6      | Reached skill level 8 in Fighting
  6470 | D:6      | Reached XP level 8. HP: 40/74 MP: 8/8
  6677 | D:6      | Found Ceazoar's Book Shop.
  6701 | D:6      | Found a staircase to the Ecumenical Temple.
  6724 | Temple   | Entered the Ecumenical Temple
  6729 | Temple   | Became a worshipper of Warmaster Okawaru
  6775 | D:6      | Found Haegas's Antique Armour Shop.
  7036 | D:6      | Found Jessor's Antique Weapon Emporium.
  7113 | D:6      | Reached skill level 9 in Fighting
  7294 | D:6      | Bought a dazzling kite shield for 266 gold pieces
  7304 | D:6      | Identified the +4 kite shield of Dramatic Exits {rPois rF+}
                  | (You bought it in a shop on level 6 of the Dungeon)
  7660 | D:7      | Noticed a hippogriff
  7726 | D:7      | Found a burning altar of Makhleb.
  7732 | D:7      | Found a blossoming altar of Fedhas.
  7994 | D:7      | Reached * piety under Okawaru
  7994 | D:7      | Reached XP level 9. HP: 76/85 MP: 9/9
  8147 | D:7      | Reached skill level 10 in Fighting
  8269 | D:7      | Noticed Joseph
  8297 | D:7      | Killed Joseph
  8442 | D:7      | Found a runed translucent door.
  8443 | D:7      | Noticed Crazy Yiuf
  8687 | D:7      | Killed Crazy Yiuf
  8687 | D:7      | Reached ** piety under Okawaru
  8835 | D:7      | Reached skill level 11 in Fighting
  8837 | D:7      | Reached skill level 10 in Long Blades
  8966 | D:8      | Reached XP level 10. HP: 47/96 MP: 10/10
  8972 | D:8      | Reached *** piety under Okawaru
  9079 | D:8      | Found a staircase to the Lair.
  9490 | D:8      | Reached **** piety under Okawaru
 10410 | D:9      | Found a bloodstained altar of Trog.
 10411 | D:9      | Noticed a wizard
 10416 | D:9      | Killed a wizard
 10755 | D:9      | Reached skill level 5 in Shields
 10948 | D:10     | Entered Level 10 of the Dungeon
 11009 | D:10     | Noticed a wizard
 11017 | D:10     | Killed a wizard
 11017 | D:10     | Reached skill level 12 in Fighting
 11017 | D:10     | Reached skill level 5 in Dodging
 11017 | D:10     | Noticed a deep elf mage
 11021 | D:10     | Killed a deep elf mage
 11032 | D:10     | Noticed a wizard
 11044 | D:10     | Killed a wizard
 11044 | D:10     | Reached XP level 11. HP: 80/104 MP: 11/11
 11061 | D:10     | Noticed a wizard
 11078 | D:10     | Killed a wizard
 11078 | D:10     | Reached ***** piety under Okawaru
 11080 | D:10     | Noticed Grum
 11097 | D:10     | Killed Grum
 11181 | D:10     | Identified Ts'ui Pên's Almanac of Forking Paths
 11191 | D:10     | Identified the Papyrus of Plaster Cramp
 11198 | D:10     | Identified the Almanac of Combed Thunderclap
 11337 | D:10     | Received a gift from Okawaru
 12074 | D:11     | Noticed Sonja
 12104 | D:11     | Killed Sonja
 12236 | D:11     | Found a staircase to the Orcish Mines.
 12290 | D:11     | Found an ancient bone altar of Kikubaaqudgha.
 12400 | D:11     | Noticed Gastronok
 12422 | D:11     | Killed Gastronok
 12422 | D:11     | Reached skill level 13 in Fighting
 12508 | D:11     | Noticed a purple ugly thing
 12520 | D:11     | Killed a purple ugly thing
 12808 | D:11     | Reached ****** piety under Okawaru
 12808 | D:11     | Reached XP level 12. HP: 115/115 MP: 12/12
 13325 | Lair:1   | Entered Level 1 of the Lair of Beasts
 13484 | Lair:1   | Found a dark tunnel.
 13492 | Volcano  | Entered a volcano
 13681 | Volcano  | Found a burning altar of Makhleb.
 13737 | Volcano  | Received a gift from Okawaru
 13757 | Volcano  | Got a pair of translucent gloves {god gift}
 13774 | Volcano  | Identified the +0 pair of gloves "Ocwet" {-Tele rF+ Stlth+}
                  | (Okawaru gifted it to you in a volcano)
 13829 | Volcano  | Noticed a red draconian
 13836 | Volcano  | Killed a red draconian
 14023 | Lair:1   | Noticed a five-headed hydra
 14035 | Lair:1   | Killed a five-headed hydra
 14497 | Lair:1   | Reached skill level 14 in Fighting
 14497 | Lair:1   | Reached XP level 13. HP: 124/124 MP: 13/13
 14527 | Lair:2   | Found a staircase to the Swamp.
 14629 | Lair:2   | Reached skill level 1 in Invocations
 14973 | Lair:2   | Found a staircase to the Snake Pit.
 15715 | Lair:3   | Noticed Urug
 15746 | Lair:3   | Killed Urug
 15746 | Lair:3   | Received a gift from Okawaru
 16681 | Lair:3   | Reached skill level 10 in Shields
 16892 | Lair:4   | Reached XP level 14. HP: 133/133 MP: 16/16
 17246 | Lair:4   | Got a bound platinum ring
 17248 | Lair:4   | Identified the ring "Udys" {rF++ rN+ MR+ Int-4} (You found
                  | it on level 4 of the Lair of Beasts)
 17466 | Lair:4   | Received a gift from Okawaru
 17478 | Lair:4   | Got a blackened demon blade {god gift}
 17479 | Lair:4   | Identified the +8 demon blade of Egomania {freeze, *Slow
                  | rC+ Int+2} (Okawaru gifted it to you on level 4 of the Lair
                  | of Beasts)
 17738 | Lair:4   | Reached skill level 5 in Invocations
 18322 | Lair:5   | Reached skill level 15 in Fighting
 18744 | Lair:6   | Entered Level 6 of the Lair of Beasts
 18954 | Lair:6   | Reached skill level 10 in Dodging
 19013 | Lair:6   | Found a staircase to the Slime Pits.
 19288 | Lair:6   | Received a gift from Okawaru
 19332 | Lair:6   | Got an ancient kite shield {god gift}
 19343 | Lair:6   | Identified the +6 kite shield of Tulips {rF+ rC+ Str+3}
                  | (Okawaru gifted it to you on level 6 of the Lair of Beasts)
 19873 | Lair:6   | Identified the Volume of Sinister Ignition
 20089 | Lair:6   | Found a white marble altar of Elyvilon.
 20108 | Lair:6   | Reached XP level 15. HP: 128/141 MP: 20/20
 20501 | Orc:1    | Entered Level 1 of the Orcish Mines
 20813 | Orc:1    | Noticed Jorgrun
 20829 | Orc:1    | Killed Jorgrun
 21052 | Orc:2    | Entered Level 2 of the Orcish Mines
 21142 | Orc:2    | Found Lugetiav's Assorted Antiques.
 21147 | Orc:2    | Found Yrimevuo's Armour Emporium.
 21209 | Orc:2    | Found a staircase to the Elven Halls.
 21219 | Orc:2    | Found Xumutux's Book Shoppe.
 21289 | Orc:2    | Noticed an orc warlord
 21479 | Orc:2    | Killed an orc warlord
 21539 | Orc:2    | Bought a tubular opal ring for 105 gold pieces
 21642 | Orc:2    | Found Itarch's Distillery.
 21652 | Orc:2    | Found Saxaun's Distillery.
 21670 | Orc:2    | Received a gift from Okawaru
 21838 | Orc:2    | Found Oliuled's Antique Armour Shoppe.
 21838 | Orc:2    | Found Laceghoek's Distillery.
 21945 | Orc:2    | Bought a pair of fading gloves for 218 gold pieces
 21955 | Orc:2    | Identified the cursed +0 pair of gloves "Emiopeg" {-Tele
                  | rPois MP+9 Str+6} (You bought it in a shop on level 2 of
                  | the Orcish Mines)
 22006 | Orc:2    | Found Cenai's Book Emporium.
 22258 | Orc:2    | Bought a potion of resistance for 210 gold pieces
 22290 | Orc:2    | Bought a potion of mutation for 96 gold pieces
 22290 | Orc:2    | Bought a potion of heal wounds for 60 gold pieces
 22290 | Orc:2    | Bought a potion of haste for 120 gold pieces
 22296 | Orc:2    | Bought a potion of heal wounds for 65 gold pieces
 22296 | Orc:2    | Bought a potion of heal wounds for 65 gold pieces
 22296 | Orc:2    | Bought a potion of mutation for 104 gold pieces
 22509 | D:5      | Bought a potion of mutation for 120 gold pieces
 22509 | D:5      | Bought a potion of resistance for 150 gold pieces
 22509 | D:5      | Bought a potion of heal wounds for 75 gold pieces
 22509 | D:5      | Bought a potion of heal wounds for 75 gold pieces
 22509 | D:5      | Bought a potion of haste for 150 gold pieces
 22664 | D:12     | Found a flagged portal.
 22671 | Bailey   | Entered a bailey
 22676 | Bailey   | Noticed an orc warlord
 22743 | Bailey   | Found a runed translucent gate.
 22743 | Bailey   | Found a runed translucent gate.
 22743 | Bailey   | Found a runed translucent gate.
 22856 | Bailey   | Killed an orc warlord
 22856 | Bailey   | Received a gift from Okawaru
 22897 | Bailey   | Reached XP level 16. HP: 151/151 MP: 22/22
 22905 | Bailey   | Identified a scroll of acquirement
 22913 | Bailey   | Got the amulet of Sin {Reflect rC+ rN+ Str-3 Slay+3 SH+5}
 23326 | D:12     | Found Temuxkaz's Armour Shop.
 23334 | D:12     | Bought a +0 pair of gloves of dexterity for 184 gold pieces
 23335 | D:12     | Noticed Snorg
 23343 | D:12     | Killed Snorg
 23344 | D:12     | Reached skill level 16 in Fighting
 23847 | D:12     | You fall into a shaft and drop 1 floor!
 23983 | D:13     | Found a frozen archway.
 24024 | IceCv    | Entered an ice cave
 24048 | IceCv    | Found a transporter.
 24171 | IceCv    | Found a transporter.
 24349 | D:13     | Found a huge runed gate.
 24349 | D:13     | Found a huge runed gate.
 24349 | D:13     | Found a huge runed gate.
 24349 | D:13     | Found a huge runed gate.
 24349 | D:13     | Found a huge runed gate.
 24349 | D:13     | Found a huge runed gate.
 24532 | D:13     | Found a huge runed gate.
 24532 | D:13     | Found a huge runed gate.
 24532 | D:13     | Found a huge runed gate.
 24532 | D:13     | Found a huge runed gate.
 24543 | D:13     | Found a huge runed gate.
 24543 | D:13     | Found a huge runed gate.
 24543 | D:13     | Found a huge runed gate.
 24543 | D:13     | Found a huge runed gate.
 24543 | D:13     | Found a huge runed gate.
 24543 | D:13     | Found a huge runed gate.
 24543 | D:13     | Found a huge runed gate.
 24544 | D:13     | Found a huge runed gate.
 24545 | D:13     | Found a huge runed gate.
 24553 | D:13     | Found a huge runed gate.
 24553 | D:13     | Found a huge runed gate.
 24553 | D:13     | Found a huge runed gate.
 24553 | D:13     | Found a huge runed gate.
 24553 | D:13     | Found a huge runed gate.
 24553 | D:13     | Found a huge runed gate.
 24553 | D:13     | Found a huge runed gate.
 24554 | D:13     | Found a huge runed gate.
 24555 | D:13     | Found a huge runed gate.
 24563 | D:13     | Found a huge runed gate.
 24563 | D:13     | Found a huge runed gate.
 24563 | D:13     | Found a huge runed gate.
 24563 | D:13     | Found a huge runed gate.
 24563 | D:13     | Found a huge runed gate.
 24807 | D:13     | Noticed Kapocem's ghost (journeyman DrFi)
 24807 | D:13     | Noticed Doth's ghost (journeyman MiBe)
 24807 | D:13     | Noticed Hyoheriw's ghost (journeyman MiBe)
 24807 | D:13     | Noticed Guobo's ghost (journeyman DrFi)
 24807 | D:13     | Noticed Syidodgh's ghost (journeyman DDEE)
 24807 | D:13     | Noticed Uvvagiz's ghost (adept OpFE)
 25211 | D:13     | Got a translucent platinum amulet
 25276 | D:13     | HP: 6/151 [Syidodgh's ghost/stone arrow (24)]
 25276 | D:13     | Slain by Hyoheriw's ghost

Illustrated notes

Levels and vault maps discovered:
D:1:      grunt_arrival_lava_bath, layout_basic
D:2:      layout_basic
D:3:      layout_basic, first_ration
D:4:      layout_cave_pods
D:5:      layout_basic, serial_shops, shop, shop, uniq_grinder
D:6:      layout_basic, minmay_temple_entry_offerings, serial_shops,
          nicolae_shop_behind_doors, shop_statue, shop, uniq_maggie
D:7:      minmay_s_stair_smasher, layout_basic, grunt_temple_overflow_open,
          uniq_joseph, uniq_crazy_yiuf_cottage
D:8:      layout_gridville, minmay_lair_entry_grove, grunt_livestock
D:9:      layout_loops_ring, serial_co_window_serial, co_window_corner_a,
          co_window_of_opportunity_a, co_window_corner_a, co_window_corner_a,
          co_window_paths_a, co_window_corner_a, co_window_of_opportunity_c,
          co_window_of_opportunity_b, co_window_paths_c,
          co_window_of_opportunity_b, co_window_corner_ca, trog_wizard
D:10:     layout_loops_ring, bh_hangedman_babel_library, uniq_grum
D:11:     layout_roguey, erik_orc_3, basic_altar, uniq_gastronok, uniq_sonja
D:12:     layout_loops_ring, serial_shops, shop, enter_bailey_2, uniq_snorg
D:13:     layout_big_octagon, gammafunk_ghost_door_vault,
          portal_ice_cave_entry_imps
Temple:   regret_index_temple_chain_breaker
Lair:1:   layout_big_grid, lightli_volcano_entry_magma_tube,
          serial_bayou_shore_b
Lair:2:   layout_cave_pods, skrybe_swamp_entry_bodies, dummy_snake_entry,
          bh_autumn_forest_stairs, lemuel_fruit_fields
Lair:3:   layout_concentric_octagons, chequers_serial_rivers_small_a,
          columned_hall_lemuel, uniq_urug
Lair:4:   layout_cave_pods, special_room [special_room_mythical_zoo],
          hangedman_lair_generics_rect
Lair:5:   layout_cave_pods
Lair:6:   hangedman_lair_in_review, layout_gridlike,
          minmay_slime_entry_oklob_open, chequers_serial_rivers_small_a,
          chequers_serial_rivers_small_a, minivault_11, lemuel_oklob_altar,
          serial_bayou_shore_b
Orc:1:    layout_diamond_mine, nicolae_orc_bridge_out, uniq_jorgrun
Orc:2:    st_orc_open, layout_caves, serial_shops, shop,
          nicolae_shop_competitors_out_of_business, shop,
          nicolae_shop_waterfront

Skill      XL: |  1  2  3  4  5  6  7  8  9 10 11 12 13 14 15 16 |
---------------+-------------------------------------------------+-----
Fighting       | 4 5 7 8 9 11 12 13 14 15 16 | 16.2
Long Blades    | 3 4 5 7 8 10 11 12 13 14 | 14.8
Dodging        | 3 5 7 8 9 10 11 | 11.7
Shields        | 5 7 9 10 11 12 | 12.6
Invocations    | 3 6 9 |  9.6

Action                   |  1- 3 |  4- 6 |  7- 9 | 10-12 | 13-15 | 16-18 || total
-------------------------+-------+-------+-------+-------+-------+-------++-------
Melee: Long sword        |   123 |   190 |   152 |       |       |       ||   465
       Tailslap          |    15 |    24 |    49 |   115 |   160 |    28 ||   391
       Scimitar          |       |       |   170 |   565 |   165 |       ||   900
       Rapier            |       |       |       |     4 |    61 |       ||    65
       Demon blade       |       |       |       |       |   470 |   181 ||   651
Throw: Boomerang         |       |       |       |     5 |    19 |       ||    24
Invok: Heroism           |       |       |     2 |     7 |    12 |     2 ||    23
       Finesse           |       |       |       |       |     1 |     1 ||     2
 Abil: Breathe Steam     |       |       |     6 |     2 |       |       ||     8
  Use: Scroll            |     4 |     7 |     5 |    11 |     4 |     5 ||    36
       Potion            |       |     1 |       |     9 |     1 |     8 ||    19
 Stab: Sleeping          |       |       |     1 |     3 |     3 |       ||     7
       Distracted        |       |       |       |     1 |       |       ||     1
  Eat: Chunk             |     1 |    12 |    10 |    15 |    22 |     4 ||    64
       Ration            |       |       |     2 |     1 |     2 |     1 ||     6
Armor: Skin              |    34 |    37 |    55 |    61 |    92 |    53 ||   332
Dodge: Dodged            |    53 |    79 |    89 |   159 |   261 |    81 ||   722
Block: Kite shield       |    67 |    99 |   155 |   379 |   536 |   209 ||  1445
       Reflection        |       |       |       |       |       |    13 ||    13
       Rpst.: Long sword |    11 |    25 |    12 |       |       |       ||    48
       Scimitar          |       |       |    11 |    38 |    12 |       ||    61
       Demon blade       |       |       |       |       |    34 |    22 ||    56

Table legend:
 A = Non-vault XP
 B = Vault XP
 C = Vault XP percentage of total XP
 D = Non-vault monster count
 E = Vault monster count
 F = Vault count percentage of total count
                 A         B        C        D         E       F
            +---------+---------+-------+---------+---------+-------
      Total |   59458 |   66556 |  52.8 |     439 |     221 |  33.5
            +---------+---------+-------+---------+---------+-------
        D:1 |      44 |       0 |   0.0 |      26 |       0 |   0.0
        D:2 |      84 |       0 |   0.0 |      22 |       0 |   0.0
        D:3 |     224 |       0 |   0.0 |      25 |       0 |   0.0
        D:4 |     453 |       0 |   0.0 |      13 |       0 |   0.0
        D:5 |     276 |     267 |  49.2 |       9 |       1 |  10.0
        D:6 |     906 |     454 |  33.4 |      15 |       2 |  11.8
        D:7 |     245 |    2875 |  92.1 |       9 |      21 |  70.0
        D:8 |     816 |    1432 |  63.7 |      25 |      10 |  28.6
        D:9 |     912 |       0 |   0.0 |       9 |       0 |   0.0
       D:10 |    3025 |    3282 |  52.0 |      26 |       9 |  25.7
       D:11 |    3625 |    3225 |  47.1 |      46 |      16 |  25.8
       D:12 |    6282 |    1145 |  15.4 |      29 |       1 |   3.3
       D:13 |    7023 |    1888 |  21.2 |      39 |      15 |  27.8
     Lair:1 |    3901 |       0 |   0.0 |      18 |       0 |   0.0
     Lair:2 |    4408 |     527 |  10.7 |      14 |       2 |  12.5
     Lair:3 |    3506 |     815 |  18.9 |      12 |       1 |   7.7
     Lair:4 |    5299 |   10751 |  67.0 |      16 |      32 |  66.7
     Lair:5 |    2020 |       0 |   0.0 |       9 |       0 |   0.0
     Lair:6 |   12372 |   11384 |  47.9 |      44 |      22 |  33.3
      Orc:1 |     898 |    3186 |  78.0 |      24 |       1 |   4.0
      Orc:2 |    3139 |   15021 |  82.7 |       9 |      37 |  80.4
     Bailey |       0 |    2103 | 100.0 |       0 |      27 | 100.0
      IceCv |       0 |    2750 | 100.0 |       0 |      10 | 100.0
    Volcano |       0 |    5451 | 100.0 |       0 |      14 | 100.0
            +---------+---------+-------+---------+---------+-------
